 Dungeon Crawl Stone Soup version 0.28.0-53-g5a82cb258f (webtiles) character file.

Game seed: 15278922512793415647

1607 quixfox the Cleaver (level 8, -7/80 HPs)
             Began as a Minotaur Fighter on July 12, 2022.
             Mangled by an orc warrior
             ... wielding a +0 halberd of electrocution
              (15 damage)
             ... in a bailey.
             The game lasted 00:10:34 (6159 turns).

quixfox the Cleaver (Minotaur Fighter)              Turns: 6159, Time: 00:10:34

Health: -7/80      AC: 12    Str: 22    XL:     8   Next: 63%
Magic:  0/7        EV:  7    Int:  3    God:
Gold:   309        SH:  6    Dex: 20    Spells: 7/7 levels left

rFire   + . .      SeeInvis .   a - +1 war axe
rCold   . . .      Faith    .   c - +0 buckler
rNeg    . . .      Spirit   +   v - +0 chain mail
rPois   +          Reflect  .   (helmet restricted)
rElec   .          Harm     .   B - +0 cloak
rCorr   .          Rampage  .   (no gloves)
Will    +....                   (no boots)
Stlth   ..........              y - amulet of guardian spirit
HPRegen 0.23/turn               s - ring of protection from fire
MPRegen 0.10/turn               D - ring "Yseneac" {Will+ Int-4 Dex+9 Stlth-}

@: no status effects
A: horns 2, retaliatory headbutt, clever 1, poison resistance, robust 1, subdued
magic 1
a: no special abilities


You were in a bailey.
You visited 1 branch of the dungeon, and saw 7 of its levels.
You also visited: Bailey.

You collected 309 gold pieces.

Inventory:

Hand Weapons
 a - a +1 war axe (weapon)
Missiles
 h - 7 boomerangs (quivered)
Armour
 c - a +0 buckler (worn)
 q - a +0 kite shield
 v - a +0 chain mail (worn)
 B - a +0 cloak (worn)
Jewellery
 s - a ring of protection from fire (left hand)
 y - an amulet of guardian spirit (around neck)
 D - the ring "Yseneac" (right hand) {Will+ Int-4 Dex+9 Stlth-}
   (You acquired it on level 6 of the Dungeon)

   [ring of willpower]

   Int:       It affects your intelligence (-4).
   Dex:       It affects your dexterity (+9).
   Will:      It increases your willpower.
   Stlth:     It makes you less stealthy.
Wands
 b - a wand of mindburst (2)
Scrolls
 f - a scroll of fog
 j - a scroll of teleportation
 l - a scroll of magic mapping
 m - 2 scrolls of enchant weapon
 n - 2 scrolls of blinking
 o - a scroll of immolation {unknown}
 r - a scroll of summoning
 u - a scroll of acquirement
 C - 2 scrolls of silence
 E - a scroll of identify
Potions
 d - a potion of ambrosia {unknown}
 e - 5 potions of curing
 g - 4 potions of mutation
 i - 3 potions of degeneration {unknown}
 k - 6 potions of cancellation
 p - a potion of lignification {unknown}
 t - 3 potions of heal wounds {unknown}
 w - a potion of magic {unknown}
 x - a potion of haste
 z - 2 potions of resistance {unknown}
 A - a potion of attraction {unknown}


   Skills:
 + Level 7.5 Fighting
 * Level 9.6 Axes
 + Level 7.4 Armour
 - Level 3.6 Shields


You had 7 spell levels left.
You didn't know any spells.
Your spell library contained the following spells:

 Spells                   Type           Power      Damage    Failure   Level
 Ensorcelled Hibernation  Hex/Ice        0%         N/A       100%        2
 Gell's Gravitas          Tloc           0%         N/A       100%        3
 Ozocubu's Armour         Ice            0%         N/A       100%        3
 Spider Form              Tmut/Pois      0%         N/A       100%        3
 Teleport Other           Tloc           0%         N/A       100%        3
 Anguish                  Hex/Necr       0%         N/A       100%        4
 Metabolic Englaciation   Hex/Ice        0%         N/A       100%        5
 Dispersal                Tloc           0%         N/A       100%        6
 Simulacrum               Ice/Necr       0%         N/A       100%        6


Dungeon Overview and Level Annotations

Branches:
Dungeon (7/15)             Temple (0/1) D:7          Bailey (1/1)

Altars:

Shops:
D:1 [


Innate Abilities, Weirdness & Mutations

You have a pair of horns on your head.
You reflexively headbutt those who attack you in melee.
Your mind is acute. (Int +2)
Your system is resistant to poisons. (rPois)
You are robust. (+10% HP)
Your spells are a little easier to cast, but a little less powerful.


Message History

a +0 trident; a +0 scale mail
Items here: )) [ †.
There is an open door here.
As you close the door, it creaks loudly!
A gnoll opens the door.
There is a fountain of clear blue water here.
The gnoll drinks a potion.
The gnoll seems to speed up.
There is an open door here.
There is an open door here.
You see here a +2 halberd of draining.
There is an open door here.
There is an open door here.
Things that are here:
a +0 trident; a +0 chain mail A gnoll is nearby!
The gnoll hits you but does no damage.
You feel drained.
There is an open door here.
You slash the gnoll!
You kill the gnoll!
Your life force feels restored.
Things that are here:
a +1 halberd of draining; 3 potions of haste; a scroll of acquirement The orc warrior hits you from afar with a +0 halberd of electrocution.
You are electrocuted!!
The orc warrior hits you with a +0 halberd of electrocution.
You slash the orc warrior!
You headbutt the orc warrior, but do no damage.
The orc warrior is moderately wounded.
The orc warrior hits you with a +0 halberd of electrocution!
* * * LOW HITPOINT WARNING * * *
You are electrocuted!!
* * * LOW HITPOINT WARNING * * *
You feel better.
The orc warrior hits you with a +0 halberd of electrocution!
* * * LOW HITPOINT WARNING * * *
You feel better.
The orc warrior hits you with a +0 halberd of electrocution.
* * * LOW HITPOINT WARNING * * *
You are electrocuted!
You die...

#)## #g#.# #)# ###
##### ### ###
#)###)###)#)###)###)#
##'##'##'###'##'##'##
##.....## ##.....##
###.....#####.....###
#.'..⌠..'.#)').∩..'.#
###.....#####.....###
##.....## ##@....##
##'##'##'###o##'##'##
#)###.###.')###.###∩#
### ### ##### ### ###


You could see an orc warrior.

Vanquished Creatures
  Eustachio (D:5)
  An acid dragon (D:5)
  A water moccasin (D:6)
  2 black bears
  An ogre (D:5)
  2 centaurs (D:6)
  A phantom (D:6)
  An electric eel (D:6)
  A centaur zombie (D:5)
  3 hounds (D:6)
  A centaur skeleton (D:4)
  A gnoll shaman (D:4)
  3 jellies
  Jessica (D:2)
  A bullfrog skeleton (D:5)
  4 iguanas
  Terence (D:3)
  A howler monkey zombie (D:6)
  2 adders
  13 gnolls
  A white imp (D:7)
  2 worms
  3 dart slugs
  9 orcs
  10 endoplasms
  3 giant cockroaches
  8 goblins
  7 hobgoblins
  3 jackals (D:2)
  5 kobolds
  4 quokkas
  8 ball pythons
  9 bats
  6 frilled lizards
  3 rats
123 creatures vanquished.

Notes
Turn   | Place    | Note
-------+----------+-------------------------------------------
     0 | D:1      | quixfox the Minotaur Fighter began the quest for the Orb.
     0 | D:1      | Reached XP level 1. HP: 19/19 MP: 0/0
   273 | D:1      | Reached skill level 3 in Axes
   273 | D:1      | Reached XP level 2. HP: 27/27 MP: 1/1
   761 | D:1      | Found Jarhoz's Antique Armour Shoppe.
   820 | D:1      | Reached XP level 3. HP: 33/33 MP: 2/2
  1129 | D:2      | Found a faded altar of an unknown god.
  1380 | D:2      | Reached skill level 4 in Axes
  1382 | D:2      | Noticed Jessica
  1456 | D:2      | Killed Jessica
  1457 | D:2      | Reached XP level 4. HP: 27/41 MP: 3/3
  2376 | D:3      | Noticed Terence
  2390 | D:3      | Killed Terence
  2843 | D:4      | Reached XP level 5. HP: 47/47 MP: 4/4
  2881 | D:4      | Reached skill level 5 in Axes
  3116 | D:4      | Reached skill level 5 in Fighting
  3151 | D:4      | Reached skill level 5 in Armour
  3250 | D:4      | Reached XP level 6. HP: 56/56 MP: 5/5
  3263 | D:4      | Reached skill level 6 in Axes
  3783 | D:5      | Entered Level 5 of the Dungeon
  3873 | D:5      | Gained mutation: Your mind is acute. (Int +2) [potion of
                  | mutation]
  3873 | D:5      | Gained mutation: Your system is resistant to poisons.
                  | (rPois) [potion of mutation]
  3873 | D:5      | Gained mutation: Your spells are a little easier to cast,
                  | but a little less powerful. [potion of mutation]
  3873 | D:5      | Gained mutation: You are robust. (+10% HP) [potion of
                  | mutation]
  4169 | D:5      | Noticed an acid dragon
  4178 | D:5      | Killed an acid dragon
  4179 | D:5      | Reached skill level 7 in Axes
  4179 | D:5      | Reached XP level 7. HP: 36/68 MP: 3/6
  4397 | D:5      | Noticed Eustachio
  4417 | D:5      | Killed Eustachio
  4725 | D:6      | Identified 2 scrolls of acquirement
  4725 | D:6      | Acquired the ring "Yseneac" {Will+ Int-4 Dex+9 Stlth-}
  4867 | D:6      | Reached skill level 8 in Axes
  5014 | D:6      | Reached XP level 8. HP: 78/78 MP: 7/7
  5404 | D:6      | Reached skill level 9 in Axes
  5723 | D:7      | Found a flagged portal.
  5823 | Bailey   | Entered a bailey
  6157 | Bailey   | HP: 3/80 [orc warrior/+0 halberd of electrocution (17)]
  6159 | Bailey   | Mangled by an orc warrior

Illustrated notes

Levels and vault maps discovered:
D:1:      eino_arrival_water_star, layout_basic, serial_rivers,
          chequers_serial_rivers_marsh, chequers_serial_rivers_large_b,
          chequers_serial_rivers_micro_c, chequers_serial_rivers_micro_e,
          serial_shops, shop
D:2:      layout_basic, dreamdust_ecumenical_altar_grove, minmay_bisected,
          uniq_jessica
D:3:      layout_basic, uniq_terence
D:4:      kennysheep_spiral_hall, layout_loops_ring
D:5:      layout_loops_ring, uniq_eustachio
D:6:      layout_layer_cave, minivault_4
D:7:      layout_loops_corners, minmay_temple_entry_proselytizer,
          enter_bailey_5, uniq_joseph, uniq_prince_ribbit1, uniq_pikel,
          uniq_menkaure
Bailey:   bailey_polearm_nasty_gnolls, bailey

Skill      XL: |  1  2  3  4  5  6  7  8 |
---------------+-------------------------+-----
Axes           | 3 4 5 7 8 9 |  9.6
Fighting       | 4 5 6 7 |  7.5
Armour         | 4 5 6 7 |  7.4
Shields        | |  3.6

Action                   |  1- 3 |  4- 6 |  7- 9 || total
-------------------------+-------+-------+-------++-------
Melee: War axe           |    88 |    79 |   100 ||   267
       Headbutt          |    11 |     8 |    24 ||    43
  Use: Scroll            |       |     7 |     5 ||    12
       Potion            |       |     1 |     3 ||     4
Armor: Scale mail        |    47 |     8 |       ||    55
       Chain mail        |       |    30 |    54 ||    84
Dodge: Dodged            |    37 |    40 |    42 ||   119
Block: Buckler           |    16 |    10 |    32 ||    58
